Map: [ESL] Inside and Out

Players

Creator

  • Race: Protoss Protoss
  • Spawn Location: 1:00

Maru - Winner!

  • Race: Terran Terran
  • Spawn Location: 7:00

Event: DreamHack SC2 Masters 2022 Valencia

VOD

https://youtu.be/fWk70vGUe2k

Description

Time

  • Played on: July 3, 2022, 1:04 p.m.
  • Length: 5:59

All games in this series

Show
View Real Time Build Order
Export as new Build Order

Creator Protoss 

Build Orders: 1 Gate Expand, Phoenix Opening 

Get SALT Encoding   

  12  0:00  Probe  
  13  0:12  Probe  
  14  0:17  Pylon  
  14  0:24  Probe (Chrono Boost)  
  16  0:36  Probe (Chrono Boost), Gateway  
  16  0:43  Probe (Chrono Boost)  
  16  0:45  Assimilator  
  17  0:51  Probe  
  18  1:03  Probe  
  19  1:15  Probe  
  20  1:23  Cybernetics Core  
  20  1:31  Nexus  
  20  1:34  Probe  
  21  1:40  Pylon  
  21  1:48  Assimilator  
  21  1:49  Probe  
  22  1:59  Adept (Chrono Boost)  
  22  2:01  Probe  
  25  2:13  Probe  
  26  2:25  Stargate  
  26  2:26  Probe  
  26  2:28  Adept  
  29  2:37  Warp Gate  
  29  2:38  Probe  
  29  2:43  Probe  
  31  2:51  Probe  
  31  2:55  Probe  
  31  2:58  Adept  
  33  3:03  Probe  
  36  3:07  Probe  
  36  3:08  Phoenix (Chrono Boost)  
  39  3:18  Pylon, Probe  
  39  3:19  Probe  
  41  3:24  Phoenix  
  43  3:30  Probe  
  43  3:31  Probe  
  44  3:42  Probe  
  44  3:43  Probe  
  44  3:46  Pylon  
  46  3:54  Probe  
  48  3:55  Probe  
  48  4:00  Robotics Facility  
  48  4:02  Phoenix  
  48  4:04  Assimilator  
  48  4:06  Probe, Assimilator  
  48  4:07  Probe (Chrono Boost), Gateway  
  52  4:19  Probe (Chrono Boost)  
  52  4:21  Gateway  
  52  4:22  Pylon  
  54  4:24  Pylon, Probe (Chrono Boost)  
  54  4:27  Phoenix  
  54  4:28  Probe (Chrono Boost)  
  58  4:32  Probe (Chrono Boost)  
  58  4:34  Probe  
  59  4:44  Nexus  
  59  4:49  Observer (Chrono Boost), Robotics Bay  
  59  4:50  Probe  
  59  4:51  Probe  
  62  4:53  Zealot  
  62  4:58  Pylon  
  64  5:01  Phoenix  
  72  5:15  Stalker, Zealot  
  72  5:19  Shield Battery  
  72  5:22  Stalker  
  72  5:27  Pylon  
  67  5:37  Stalker  
  67  5:38  Zealot  
Show
View Real Time Build Order
Export as new Build Order

Maru Terran - Winner!

Build Orders:  

Get SALT Encoding   

  12  0:00  SCV  
  13  0:12  SCV  
  14  0:17  Supply Depot  
  14  0:24  SCV  
  15  0:38  SCV  
  15  0:40  Barracks  
  16  0:44  Refinery  
  16  0:50  SCV  
  16  0:52  Refinery  
  17  1:03  SCV  
  18  1:15  SCV  
  19  1:27  Orbital Command, Reaper  
  19  1:29  Supply Depot  
  20  1:42  Factory  
  20  1:53  SCV  
  21  2:04  Barracks Reactor  
  21  2:05  SCV  
  22  2:17  SCV  
  22  2:18  Command Center  
  23  2:29  SCV  
  24  2:31  Starport  
  24  2:35  Widow Mine  
  26  2:41  SCV  
  26  2:43  Supply Depot  
  27  2:47  Marine x2  
  29  2:53  SCV  
  30  3:05  SCV, Marine x2, Widow Mine  
  33  3:12  Medivac  
  37  3:17  SCV  
  38  3:22  Marine  
  39  3:30  Marine  
  39  3:32  Factory Tech Lab  
  39  3:35  SCV  
  39  3:40  Marine  
  41  3:44  Viking  
  41  3:46  Supply Depot  
  41  3:47  SCV, Marine  
  45  3:49  Orbital Command  
  45  3:56  Cyclone  
  45  3:59  SCV  
  45  4:02  Marine  
  50  4:05  Marine  
  51  4:13  Supply Depot, Liberator  
  54  4:20  Marine  
  54  4:22  SCV  
  54  4:23  SCV, Marine  
  58  4:26  Supply Depot  
  58  4:30  Cyclone  
  61  4:35  SCV  
  61  4:37  SCV  
  63  4:39  Barracks  
  63  4:42  Marine x2  
  65  4:47  SCV  
  65  4:51  SCV  
  67  4:53  Engineering Bay  
  67  5:00  SCV, Marine x2  
  67  5:04  SCV  
  67  5:05  Refinery, Starport Tech Lab  
  74  5:07  Siege Tank  
  74  5:12  SCV  
  75  5:16  SCV  
  76  5:24  SCV  
  76  5:28  SCV  
  75  5:36  SCV  
  75  5:37  Barracks Tech Lab  
  75  5:39  Marine x2  
  78  5:47  Supply Depot  

Tags
 
Add a new tag
Caveats
  • Supply blocks, unpowered buildings, or Contaminate may cause inaccurate times.
  • Supply counts are checked every 10 seconds.